 Dungeon Crawl Stone Soup version 0.23.2-11-gf996548c65 (webtiles) character file.

Game seed: 1691154928640079196

3579 MalarOregon the Ruffian (level 10, -1/81 HPs)
             Began as a Ghoul Warper on June 5, 2019.
             Was a Priest of Makhleb.
             Slain by a killer bee (3 damage)
             ... on level 8 of the Dungeon.
             The game lasted 00:30:15 (9606 turns).

MalarOregon the Ruffian (Ghoul Warper)              Turns: 9606, Time: 00:30:16

Health: -1/81      AC:  7    Str: 16    XL:     10   Next: 10%
Magic:  12/12      EV: 13    Int: 10    God:    Makhleb [***...]
Gold:   75         SH:  0    Dex: 12    Spells: 4/13 levels left

rFire    . . .     SeeInvis .     - Unarmed
rCold    + . .     Gourm    .   (no shield)
rNeg     + + +     Faith    .   a - +0 leather armour
rPois    ∞         Spirit   .   n - +0 helmet
rElec    .         Reflect  .   g - +2 cloak
rCorr    .         Harm     .   (no gloves)
MR       .....                  (no boots)
Stlth    +++.......             (no amulet)
HPRegen  0.00/turn              y - +3 ring of dexterity
MPRegen  0.13/turn              G - ring of flight

@: about to teleport, rotting
A: rotting body, claws 1, carnivore, cold resistance 1, negative energy
resistance 3, inhibited regeneration, torment resistance, unbreathing
a: Minor Destruction, Lesser Servant of Makhleb, Renounce Religion, Evoke Flight


You were on level 8 of the Dungeon.
You worshipped Makhleb.
Makhleb was most pleased with you.
You were not hungry.

You visited 2 branches of the dungeon, and saw 9 of its levels.
You also visited: Sewer.

You collected 338 gold pieces.
You spent 263 gold pieces at shops.

Inventory:

Hand Weapons
 w - a +1 blowgun
   (You bought it in a shop on level 5 of the Dungeon)
 H - the +3 whip "Zurir" {flame, Int+2}
   (You found it on level 6 of the Dungeon)

   It has been specially enchanted to burn those struck by it, causing extra
   injury to most foes and up to half again as much damage against particularly
   susceptible opponents.
   It affects your intelligence (+2).
Missiles
 b - 48 poisoned needles
 d - 5 tomahawks of dispersal {!f}
 k - 12 tomahawks (quivered)
 l - 208 stones
 q - 49 arrows
 F - a tomahawk of returning
Armour
 a - a +0 leather armour (worn)
 f - a cursed +0 shield
   (You found it on level 1 of the Dungeon)
 g - a +2 cloak (worn)
   (You found it on level 1 of the Dungeon)
 n - a +0 helmet (worn)
   (You found it on level 2 of the Dungeon)
Jewellery
 y - a +3 ring of dexterity (left claw)
   (You found it on level 3 of the Dungeon)
 G - a ring of flight (right claw)
   (You found it on level 6 of the Dungeon)
Wands
 s - a wand of scattershot (4)
   (You found it on level 5 of the Dungeon)
 v - a wand of digging (5)
   (You bought it in a shop on level 5 of the Dungeon)
Scrolls
 c - a scroll of blinking
 j - 3 scrolls of magic mapping
 r - 2 scrolls of enchant weapon
 t - a scroll of amnesia {unknown}
 z - a scroll of immolation {!r}
 C - a scroll of fear {unknown}
 E - a scroll of teleportation {@r4}
 J - a scroll of silence {unknown}
Potions
 o - 3 potions of flight
 u - a potion of agility {unknown}
 x - a potion of lignification {unknown}
 A - a potion of mutation {unknown}
 B - a potion of brilliance {unknown}
 D - a potion of cancellation
 I - a potion of haste {@q3}
 K - a potion of might
Comestibles
 e - 11 rations {!d}


   Skills:
 + Level 5.2 Fighting
 + Level 3.9 Throwing
 + Level 4.0 Armour
 + Level 4.4 Dodging
 + Level 5.1 Stealth
 * Level 7.3 Unarmed Combat
 - Level 2.0 Spellcasting
 - Level 3.0 Charms
 + Level 3.3 Necromancy
 - Level 3.0 Translocations
 - Level 3.0 Transmutations
 + Level 4.1 Invocations
 + Level 0.7 Evocations


You had 4 spell levels left.
You knew the following spells:

 Your Spells              Type           Power        Failure   Level  Hunger
a - Vampiric Draining     Necr           #.........   28%         3    ####...
b - Blink                 Tloc           N/A          16%         2    ###....
q - Shroud of Golubria    Chrm/Tloc      #.........   16%         2    ###....
s - Sticks to Snakes      Tmut           #.......     16%         2    ###....

Your spell library contained the following spells:

 Spells                   Type           Power        Failure   Level  Hunger
 Animate Skeleton         Necr           N/A          10%         1    ##.....
 Pain                     Necr           #...         10%         1    ##.....
 Regeneration             Chrm/Necr      #.........   30%         3    ####...
 Gell's Gravitas          Tloc           #.........   32%         3    ####...
 Lesser Beckoning         Tloc           #.........   32%         3    ####...
 Teleport Other           Tloc           #.......     32%         3    ####...
 Confusing Touch          Hex            #.....       36%         1    ##.....
 Animate Dead             Necr           N/A          67%         4    #####..
 Passage of Golubria      Tloc           N/A          71%         4    #####..
 Confuse                  Hex            #.......     73%         3    ####...
 Petrify                  Tmut/Erth      #.......     89%         4    #####..
 Yara's Violent Unravell  Hex/Tmut       #.........   99%         5    ######.
 Metabolic Englaciation   Hex/Ice        #.........   100%        5    ######.
 Beastly Appendage        Tmut           Unusable     N/A         1    N/A
 Spider Form              Tmut/Pois      Unusable     N/A         3    N/A
 Ice Form                 Ice/Tmut       Unusable     N/A         4    N/A
 Blade Hands              Tmut           Unusable     N/A         5    N/A

Dungeon Overview and Level Annotations

Branches:
Dungeon (8/15)             Temple (1/1) D:7
   Lair: D:8-11

Altars:
Ashenzari
Cheibriados
Dithmenos
Elyvilon
Gozag
Hepliaklqana
Kikubaaqudgha
Makhleb
Nemelex Xobeh
Okawaru
Qazlal
Ru
Sif Muna
Trog
Uskayaw
Vehumet
Wu Jian
Xom
Yredelemnul
Zin
The Shining One

Shops:
D:5 (*


Innate Abilities, Weirdness & Mutations

Your body is rotting away.
You thrive on raw meat.
You are immune to poison.
You have sharp fingernails.
You are carnivorous and can eat meat at any time.
Your flesh is cold resistant. (rC+)
You are immune to negative energy. (rN+++)
You do not regenerate when monsters are visible.
You are immune to unholy pain and torment.
You can survive without breathing.


Message History

You feel less invigorated.
You feel less confused. The killer bee barely misses you.
The killer bee closely misses you. x2
You scratch the killer bee but do no damage.
The killer bee stings you but does no damage.
The killer bee stings you. The killer bee barely misses you.
The killer bee barely misses you. The killer bee stings you. x2
The killer bee stings you.
* * * LOW HITPOINT WARNING * * *
You miss the killer bee. The killer bee barely misses you.
The killer bee stings you!
* * * LOW HITPOINT WARNING * * *
Okay, then.
Okay, then.
You are confused.
You feel invigorated. The killer bee barely misses you.
The killer bee closely misses you. The killer bee misses you.
The killer bee barely misses you. The killer bee stings you.
* * * LOW HITPOINT WARNING * * *
The killer bee barely misses you. x3
You bump into the rock wall.
You feel less invigorated.
You feel less confused.
The killer bee stings you but does no damage.
The killer bee barely misses you. The killer bee misses you. x2
The killer bee stings you!
* * * LOW HITPOINT WARNING * * *
The killer bee barely misses you.
The killer bee stings you but does no damage.
The killer bee stings you!
* * * LOW HITPOINT WARNING * * *
The killer bee stings you!
* * * LOW HITPOINT WARNING * * *
As you read the scroll of teleportation {@r4}, it crumbles to dust.
You feel strangely unstable.
The killer bee stings you but does no damage.
The killer bee barely misses you. x2; The killer bee stings you.
* * * LOW HITPOINT WARNING * * *
The killer bee stings you.
* * * LOW HITPOINT WARNING * * *
The killer bee stings you!
* * * LOW HITPOINT WARNING * * *
Okay, then.
Okay, then.
It was a potion of magic.
Magic courses through your body. The killer bee stings you.
* * * LOW HITPOINT WARNING * * *
The killer bee stings you but does no damage.
The killer bee stings you.
You die...

.... .... #..# ..#
#..# #..# ##.
####..###...# ...
#.....##....# ##.#
#....#.# #...
#...#5.# ..# #
###.#.#.###.#
..##$##.(.#...##@.#
.(...#.((.....5yy##
#..(...........y#
#..#(..........##
#....#.........# #
#.....#.........##...
..###..............≈≈
#. +..<÷........≈≈≈≈
..###...##.###...≈≈≈≈


You could see 3 killer bees and a white imp.

Vanquished Creatures
  Grinder (Sewer)
  Prince Ribbit (D:6)
  Sigmund (D:4)
  Eustachio (D:4)
  A wyvern (D:8)
  A hungry ghost (D:6)
  Duvessa (D:6)
  2 phantoms
  An ice beast (D:6)
  3 ogres
  A centaur (D:6)
  2 big kobolds (Sewer)
  4 bullfrogs
  Dowan (D:6)
  A wyvern skeleton (D:6)
  A scorpion (D:5)
  A killer bee (D:8)
  2 howler monkeys
  5 crimson imps
  A quasit (Sewer)
  A hound (D:6)
  6 orc priests
  8 orc wizards
  A centaur skeleton (D:5)
  An iguana (D:5)
  2 worker ants
  3 big kobold zombies (Sewer)
  A hound zombie (D:5)
  4 hound skeletons
  A killer bee simulacrum (D:8)
  10 adders
  7 gnolls
  A river rat (D:3)
  5 shadow imps
  3 ufetubi
  7 oozes
  3 adder skeletons
  4 dart slugs
  2 worms
  3 leopard geckos
  45 orcs
  3 giant cockroaches
  6 goblins
  8 hobgoblins
  6 quokkas
  6 ball pythons
  7 bats
  5 frilled lizards
  A jackal skeleton (D:7)
  19 kobolds
  2 quokka skeletons
  9 rats
222 creatures vanquished.

Vanquished Creatures (others)
  A gnoll (D:3)
  An ooze (Sewer)
  A quokka (D:3)
3 creatures vanquished.

Grand Total: 225 creatures vanquished

Notes
Turn   | Place    | Note
-------+----------+-------------------------------------------
     0 | D:1      | MalarOregon the Ghoul Warper began the quest for the Orb.
     0 | D:1      | Reached XP level 1. HP: 17/17 MP: 2/2
    80 | D:1      | Reached skill level 1 in Throwing
    80 | D:1      | Reached skill level 1 in Armour
    80 | D:1      | Reached XP level 2. HP: 20/24 MP: 3/3
   628 | D:2      | Found an ornate altar of the Wu Jian Council.
   653 | D:2      | Reached XP level 3. HP: 28/30 MP: 3/5
   659 | D:2      | Reached skill level 3 in Unarmed Combat
   698 | D:2      | Reached skill level 1 in Stealth
   709 | D:2      | Reached XP level 4. HP: 21/37 MP: 6/6
  1519 | D:2      | Found a bloodstained altar of Trog.
  1548 | D:2      | Learned a level 2 spell: Blink
  1551 | D:2      | Learned a level 2 spell: Shroud of Golubria
  1554 | D:2      | Learned a level 2 spell: Sticks to Snakes
  1555 | D:3      | Found a glowing drain.
  1558 | D:3      | Reached XP level 5. HP: 42/42 MP: 7/7
  1637 | Sewer    | Entered a sewer
  2041 | Sewer    | Found a burning altar of Makhleb.
  2041 | Sewer    | Noticed a big kobold
  2079 | Sewer    | Killed a big kobold
  2079 | Sewer    | Reached XP level 6. HP: 44/51 MP: 8/8
  2107 | Sewer    | Became a worshipper of Makhleb the Destroyer
  2111 | Sewer    | Reached skill level 1 in Charms
  2131 | Sewer    | Noticed Grinder
  2175 | Sewer    | Killed Grinder
  2175 | Sewer    | Reached skill level 4 in Unarmed Combat
  2175 | Sewer    | Reached skill level 1 in Transmutations
  2175 | Sewer    | Reached XP level 7. HP: 36/57 MP: 9/9
  2328 | Sewer    | Reached skill level 1 in Invocations
  2603 | D:3      | Found a white marble altar of Elyvilon.
  2935 | D:3      | Found a faded altar of an unknown god.
  3106 | D:3      | Found a glowing golden altar of the Shining One.
  3107 | D:3      | Found an iron altar of Okawaru.
  3109 | D:3      | Found an ancient bone altar of Kikubaaqudgha.
  3256 | D:3      | Reached * piety under Makhleb
  3546 | D:4      | Learned a level 3 spell: Vampiric Draining
  3752 | D:4      | Noticed Sigmund
  3964 | D:4      | Noticed Eustachio
  4146 | D:4      | Killed Eustachio
  4146 | D:4      | Reached XP level 8. HP: 31/66 MP: 10/10
  4906 | D:4      | Killed Sigmund
  4906 | D:4      | Reached skill level 5 in Unarmed Combat
  4906 | D:4      | Reached skill level 1 in Necromancy
  4973 | D:5      | Entered Level 5 of the Dungeon
  5530 | D:5      | HP: 1/66 [ogre/+0 giant club (17)]
  5531 | D:5      | Reached ** piety under Makhleb
  6115 | D:4      | Reached XP level 9. HP: 70/70 MP: 11/11
  6251 | D:5      | Found Kadwupp's Elemental Accessories.
  6259 | D:5      | Bought a wand of digging (5) for 198 gold pieces
  6313 | D:5      | Found Yngick's Antique Weapon Boutique.
  6551 | D:6      | Reached skill level 6 in Unarmed Combat
  6807 | D:6      | Noticed Dowan
  6809 | D:6      | Noticed Duvessa
  6971 | D:6      | Killed Duvessa
  6985 | D:6      | Killed Dowan
  7092 | D:6      | Noticed Prince Ribbit
  7384 | D:6      | Found a stormy altar of Qazlal.
  7418 | D:6      | Found a hazy altar of Hepliaklqana.
  7473 | D:6      | Killed Prince Ribbit
  7652 | D:6      | Got a crystal whip
  8012 | D:6      | Reached *** piety under Makhleb
  8049 | D:6      | Reached skill level 5 in Fighting
  8213 | D:6      | Reached skill level 7 in Unarmed Combat
  8474 | D:5      | Bought a blowgun for 65 gold pieces
  8649 | D:7      | Identified the +3 whip "Zurir" {flame, Int+2} (You found it
                  | on level 6 of the Dungeon)
  8742 | D:7      | Found a staircase to the Ecumenical Temple.
  8998 | Temple   | Entered the Ecumenical Temple
  9422 | D:8      | Reached XP level 10. HP: 76/81 MP: 12/12
  9431 | D:7      | Reached skill level 5 in Stealth
  9605 | D:8      | HP: 4/81 [killer bee (8)]
  9606 | D:8      | Slain by a killer bee

Skill      XL: |  1  2  3  4  5  6  7  8  9 10 |
---------------+-------------------------------+-----
Throwing       | 1 2 3 |  3.9
Armour         | 1 2 3 4 |  4.0
Dodging        | 2 3 4 |  4.4
Spellcasting   | 2 |  2.0
Unarmed Combat | 3 4 5 7 |  7.3
Stealth        | 1 2 3 4 5 |  5.1
Fighting       | 3 4 5 |  5.2
Translocations | 3 |  3.0
Charms         | 1 2 3 |  3.0
Transmutations | 1 2 3 |  3.0
Invocations    | 1 2 3 4 |  4.1
Necromancy     | 2 3 |  3.3
Evocations     | |  0.7

Action                   |  1- 3 |  4- 6 |  7- 9 | 10-12 || total
-------------------------+-------+-------+-------+-------++-------
Melee: Unarmed           |    86 |   272 |   711 |    45 ||  1114
       Punch             |     1 |     1 |    14 |       ||    16
Throw: Stone             |       |     3 |    81 |       ||    84
       Tomahawk          |       |       |    87 |    11 ||    98
 Cast: Shroud of Golubri |       |     1 |     2 |     5 ||     8
       Blink             |       |       |     2 |       ||     2
Invok: Minor Destruction |       |       |     2 |       ||     2
  Use: Scroll            |       |       |    14 |     2 ||    16
       Potion            |       |       |     5 |     3 ||     8
 Stab: Sleeping          |       |     1 |     5 |       ||     6
       Distracted        |       |       |     1 |       ||     1
  Eat: Chunk             |     5 |    13 |    38 |     2 ||    58
       Ration            |       |       |     1 |       ||     1
Armor: Leather armour    |    23 |   131 |   220 |    21 ||   395
Dodge: Dodged            |    57 |   192 |   418 |    75 ||   742
